TOP OF THE 1ST |
Durham Bulls batting - Pitching for Round Rock Express : RHP Pete Rance
|
Pitching: RHP Pete Rance
|
|
Batting: LHB Angel Ruvalcaba
|
0-0: Called Strike 0-1: SOLO HOME RUN (Flyball, 7LD, EV 92.5 MPH), Distance : 340 ft
|
Batting: LHB Mario Ocana
|
0-0: Ball 1-0: Foul Ball, location: 2F 1-1: Ball 2-1: Fly out, F8 (Flyball, 8RXD, EV 106.9 MPH)
|
Batting: LHB Jimmy Buscemi
|
0-0: Ball 1-0: Ball 2-0: Fly out, F7 (Flyball, 7LD, EV 103.8 MPH)
|
Batting: SHB Brett McEwen
|
0-0: Ball 1-0: Foul Ball, location: 2F 1-1: Called Strike 1-2: Foul Ball, location: 2F 1-2: Strikes out looking
|
Top of the 1st over - 1 run, 1 hit, 0 errors, 0 left on base; Durham 1 - Round Rock 0 |
BOTTOM OF THE 1ST |
Round Rock Express batting - Pitching for Durham Bulls : RHP Scott Shank
|
Pitching: RHP Scott Shank
|
|
Batting: RHB Casey Semenza
|
0-0: Ground out 5-3 (Groundball, 56S, EV 87.5 MPH)
|
Batting: LHB Josh Stuck
|
0-0: Ball 1-0: Ground out 5-3 (Groundball, 5S, EV 65.0 MPH)
|
Batting: RHB Jason Keller
|
0-0: Foul Ball, location: 2F 0-1: Swinging Strike 0-2: Foul Ball, location: 2F 0-2: Ball 1-2: Ball 2-2: Strikes out swinging
|
Bottom of the 1st over - 0 runs, 0 hits, 0 errors, 0 left on base; Durham 1 - Round Rock 0 |
TOP OF THE 2ND |
Durham Bulls batting - Pitching for Round Rock Express : RHP Pete Rance
|
Batting: RHB Paul Landes
|
0-0: Ball 1-0: Called Strike 1-1: Ball 2-1: Ball 3-1: Foul Ball, location: 2F 3-2: Base on Balls
|
Batting: RHB Kevin Benfield
|
0-0: Foul Ball, location: 2F 0-1: Foul Ball, location: 2F 0-2: Ball 1-2: Foul Ball, location: 2F 1-2: Ball 2-2: Grounds into double play, 6-4-3 (Groundball, 6, EV 81.9 MPH)
|
Batting: LHB Danny Hull
|
0-0: Called Strike 0-1: Ground out 5-3 (Groundball, 56, EV 106.2 MPH)
|
Top of the 2nd over - 0 runs, 0 hits, 0 errors, 0 left on base; Durham 1 - Round Rock 0 |
BOTTOM OF THE 2ND |
Round Rock Express batting - Pitching for Durham Bulls : RHP Scott Shank
|
Batting: LHB Jeff Densmore
|
0-0: Fly out, F8 (Flyball, 8LD, EV 73.1 MPH)
|
Batting: LHB Cooper Broomhall
|
0-0: Ball 1-0: Ball 2-0: Called Strike 2-1: Called Strike 2-2: Ground out 3-1 (Groundball, 34S, EV 84.4 MPH)
|
Batting: RHB Rodolfo Contreras
|
0-0: Ball 1-0: Called Strike 1-1: Foul Ball, location: 2F 1-2: Ground out 6-3 (Groundball, 6D, EV 103.1 MPH)
|
Bottom of the 2nd over - 0 runs, 0 hits, 0 errors, 0 left on base; Durham 1 - Round Rock 0 |
TOP OF THE 3RD |
Durham Bulls batting - Pitching for Round Rock Express : RHP Pete Rance
|
Batting: LHB Brian Hollinger
|
0-0: Called Strike 0-1: Ball 1-1: Ground out 5-3 (Groundball, 6, EV 78.8 MPH)
|
Batting: RHB Jesse Haddad
|
0-0: Foul Ball, location: 2F 0-1: Foul Ball, location: 2F 0-2: Strikes out looking
|
Batting: LHB Angel Ruvalcaba
|
0-0: Ball 1-0: Ground out 4-3 (Groundball, 4, EV 85.0 MPH)
|
Top of the 3rd over - 0 runs, 0 hits, 0 errors, 0 left on base; Durham 1 - Round Rock 0 |
BOTTOM OF THE 3RD |
Round Rock Express batting - Pitching for Durham Bulls : RHP Scott Shank
|
Batting: SHB Greg Prime
|
0-0: Ball 1-0: Ball 2-0: Called Strike 2-1: Swinging Strike 2-2: Fly out, F9 (Flyball, 89S, EV 86.9 MPH)
|
Batting: RHB Bobby Keithley
|
0-0: Called Strike 0-1: Hit by Pitch
|
Batting: RHB Ivan Colon
|
0-0: Called Strike 0-1: Ball 1-1: Called Strike 1-2: Ball 2-2: Foul Ball, location: 2F 2-2: Strikes out looking
|
Batting: RHB Casey Semenza
|
0-0: Foul Ball, location: 2F 0-1: Swinging Strike 0-2: Ball 1-2: Ball 2-2: Fly out, F9 (Flyball, 9D, EV 100.6 MPH)
|
Bottom of the 3rd over - 0 runs, 0 hits, 0 errors, 1 left on base; Durham 1 - Round Rock 0 |
TOP OF THE 4TH |
Durham Bulls batting - Pitching for Round Rock Express : RHP Pete Rance
|
Batting: LHB Mario Ocana
|
0-0: Foul Ball, location: 2F 0-1: Ball 1-1: Ball 2-1: Ball 3-1: Called Strike 3-2: Foul Ball, location: 2F 3-2: Base on Balls
|
Batting: LHB Jimmy Buscemi
|
0-0: Foul Ball, location: 2F 0-1: Ball 1-1: Ball 2-1: Ball Wild Pitch! Mario Ocana to second 3-1: Called Strike 3-2: Foul Ball, location: 2F 3-2: Base on Balls
|
Batting: SHB Brett McEwen
|
0-0: Fly out, F8 (Flyball, 8RD, EV 99.4 MPH) Runner from 2nd tags up, SAFE at 3rd with throw by CF
|
Batting: RHB Paul Landes
|
0-0: Ball 1-0: Foul Ball, location: 2F 1-1: Foul Ball, location: 2F 1-2: Foul Ball, location: 2F 1-2: Foul Ball, location: 2F 1-2: Ball 2-2: Ball 3-2: Foul Ball, location: 2F 3-2: Fly out, F9 (Flyball, 9D, EV 93.1 MPH) Runner from 3rd tags up, SCORES, throw by RF
|
Batting: RHB Kevin Benfield
|
0-0: Ball 1-0: Called Strike 1-1: Foul Ball, location: 2F 1-2: Ball 2-2: Foul Ball, location: 2F 2-2: Ball 3-2: Fly out, F7 (Flyball, 7, EV 90.6 MPH)
|
Top of the 4th over - 1 run, 0 hits, 0 errors, 1 left on base; Durham 2 - Round Rock 0 |
BOTTOM OF THE 4TH |
Round Rock Express batting - Pitching for Durham Bulls : RHP Scott Shank
|
Batting: LHB Josh Stuck
|
0-0: Foul Ball, location: 2F 0-1: Swinging Strike 0-2: Foul Ball, location: 2F 0-2: Fly out, F7 (Flyball, 78S, EV 81.9 MPH)
|
Batting: RHB Jason Keller
|
0-0: Foul Ball, location: 2F 0-1: SINGLE (Groundball, 6MD, EV 108.8 MPH)
|
Batting: LHB Jeff Densmore
|
0-0: Fielders Choice at 2nd, 4-6 (Groundball, 4M, EV 86.9 MPH)
|
Batting: LHB Cooper Broomhall
|
0-0: Ball 1-0: Fly out, F8 (Flyball, 8RXD, EV 81.2 MPH)
|
Bottom of the 4th over - 0 runs, 1 hit, 0 errors, 1 left on base; Durham 2 - Round Rock 0 |
TOP OF THE 5TH |
Durham Bulls batting - Pitching for Round Rock Express : RHP Pete Rance
|
Batting: LHB Danny Hull
|
0-0: DOUBLE (Line Drive, 89M, EV 92.5 MPH)
|
Batting: LHB Brian Hollinger
|
0-0: Called Strike 0-1: Foul Ball, location: 2F 0-2: SINGLE (Groundball, 6MD, EV 103.1 MPH) Danny Hull to third Runner from 3rd tries for Home, throw by CF and OUT! 8-2 Brian Hollinger to second
|
Batting: RHB Jesse Haddad
|
0-0: Ball 1-0: Ball 2-0: Called Strike 2-1: Foul Ball, location: 2F 2-2: Fly out, F8 (Flyball, 8LS, EV 93.1 MPH)
|
Batting: LHB Angel Ruvalcaba
|
0-0: Swinging Strike 0-1: Swinging Strike 0-2: Foul Ball, location: 2F 0-2: Strikes out swinging
|
Top of the 5th over - 0 runs, 2 hits, 0 errors, 1 left on base; Durham 2 - Round Rock 0 |
BOTTOM OF THE 5TH |
Round Rock Express batting - Pitching for Durham Bulls : RHP Scott Shank
|
Batting: RHB Rodolfo Contreras
|
0-0: SINGLE (Groundball, 4MD, EV 94.4 MPH)
|
Batting: SHB Greg Prime
|
0-0: Ball 1-0: Ball 2-0: Ball 3-0: Called Strike 3-1: Fielders Choice at 2nd, 3-6 (Groundball, 3S, EV 83.8 MPH)
|
Batting: RHB Bobby Keithley
|
Pickoff Throw to First - Out! 1-3 0-0: Swinging Strike 0-1: Called Strike 0-2: Ball 1-2: Ball 2-2: Foul Ball, location: 2F 2-2: Foul Ball, location: 2F 2-2: Fly out, F9 (Flyball, 9D, EV 83.8 MPH)
|
Bottom of the 5th over - 0 runs, 1 hit, 0 errors, 0 left on base; Durham 2 - Round Rock 0 |
TOP OF THE 6TH |
Durham Bulls batting - Pitching for Round Rock Express : RHP Pete Rance
|
Batting: LHB Mario Ocana
|
0-0: Ball 1-0: Foul Ball, location: 2F 1-1: Ball 2-1: DOUBLE (Line Drive, 9LS, EV 93.8 MPH)
|
Batting: LHB Jimmy Buscemi
|
0-0: Called Strike 0-1: Ball 1-1: Fly out, F9 (Flyball, 9, EV 81.2 MPH)
|
Batting: SHB Brett McEwen
|
0-0: Ball 1-0: Ball 2-0: Called Strike 2-1: Foul Ball, location: 2F 2-2: SINGLE (Line Drive, 9S, EV 86.9 MPH) Mario Ocana to third
|
Batting: RHB Paul Landes
|
0-0: Grounds into double play, 6-4-3 (Groundball, 6M, EV 82.5 MPH)
|
Top of the 6th over - 0 runs, 2 hits, 0 errors, 1 left on base; Durham 2 - Round Rock 0 |
BOTTOM OF THE 6TH |
Round Rock Express batting - Pitching for Durham Bulls : RHP Scott Shank
|
Batting: RHB Ivan Colon
|
0-0: Ball 1-0: Ground out 2-3 (Groundball, 2L, EV 66.9 MPH)
|
Batting: RHB Casey Semenza
|
0-0: Called Strike 0-1: Called Strike 0-2: Ball 1-2: Ball 2-2: Ball 3-2: SINGLE (Groundball, 56D, EV 106.9 MPH)
|
Batting: LHB Josh Stuck
|
0-0: Called Strike 0-1: Ball 1-1: Swinging Strike 1-2: Ball 2-2: Foul Ball, location: 2F 2-2: Ball 3-2: Grounds into double play, 4-6-3 (Groundball, 4, EV 94.4 MPH)
|
Bottom of the 6th over - 0 runs, 1 hit, 0 errors, 0 left on base; Durham 2 - Round Rock 0 |
TOP OF THE 7TH |
Durham Bulls batting - Pitching for Round Rock Express : RHP Pete Rance
|
Batting: RHB Kevin Benfield
|
0-0: Fly out, F7 (Flyball, 78D, EV 92.5 MPH)
|
Batting: LHB Danny Hull
|
0-0: Foul Ball, location: 2F 0-1: Ball 1-1: SINGLE (Line Drive, 7LM, EV 104.4 MPH)
|
Batting: LHB Brian Hollinger
|
0-0: Called Strike 0-1: Ball 1-1: Foul Ball, location: 2F 1-2: Strikes out swinging
|
Batting: RHB Jesse Haddad
|
0-0: Ball Wild Pitch! Danny Hull to second 1-0: Swinging Strike 1-1: Ball 2-1: Foul Ball, location: 2F 2-2: Strikes out swinging
|
Top of the 7th over - 0 runs, 1 hit, 0 errors, 1 left on base; Durham 2 - Round Rock 0 |
BOTTOM OF THE 7TH |
Round Rock Express batting - Pitching for Durham Bulls : RHP Scott Shank
|
Batting: RHB Jason Keller
|
0-0: Ground out 5-3 (Groundball, 56S, EV 89.4 MPH)
|
Batting: LHB Jeff Densmore
|
0-0: Called Strike 0-1: Swinging Strike 0-2: Strikes out looking
|
Batting: LHB Cooper Broomhall
|
0-0: Swinging Strike 0-1: Ball 1-1: Foul Ball, location: 2F 1-2: Ground out 6-3 (Groundball, 6S, EV 81.2 MPH)
|
Bottom of the 7th over - 0 runs, 0 hits, 0 errors, 0 left on base; Durham 2 - Round Rock 0 |
TOP OF THE 8TH |
Durham Bulls batting - Pitching for Round Rock Express : RHP Pete Rance
|
Pitching: RHP Jeff Bliss
|
|
Batting: LHB Angel Ruvalcaba
|
0-0: Foul Ball, location: 2F 0-1: Ball 1-1: Ball 2-1: Foul Ball, location: 2F 2-2: Strikes out swinging, 2-3 out at first.
|
Batting: LHB Mario Ocana
|
0-0: Ball 1-0: SOLO HOME RUN (Flyball, 89XD, EV 102.5 MPH), Distance : 393 ft
|
Batting: LHB Jimmy Buscemi
|
0-0: Foul Ball, location: 2F 0-1: SINGLE (Line Drive, 89S, EV 103.1 MPH)
|
Batting: SHB Brett McEwen
|
0-0: Called Strike 0-1: Called Strike 0-2: Foul Ball, location: 2F 0-2: Grounds into double play, 6-4-3 (Groundball, 6, EV 79.4 MPH)
|
Top of the 8th over - 1 run, 2 hits, 0 errors, 0 left on base; Durham 3 - Round Rock 0 |
BOTTOM OF THE 8TH |
Round Rock Express batting - Pitching for Durham Bulls : RHP Scott Shank
|
Batting: RHB Rodolfo Contreras
|
0-0: Called Strike 0-1: Swinging Strike 0-2: Ball 1-2: Foul Ball, location: 2F 1-2: Ground out 6-3 (Groundball, 6, EV 80.0 MPH)
|
Batting: SHB Greg Prime
|
0-0: Ground out 4-3 (Groundball, 4, EV 104.4 MPH)
|
Pinch Hitting: LHB Tim Olsen
|
0-0: Swinging Strike 0-1: Ball 1-1: Ball 2-1: Foul Ball, location: 2F 2-2: Ball 3-2: DOUBLE (Groundball, 3L, EV 106.2 MPH)
|
Batting: RHB Ivan Colon
|
0-0: Ball 1-0: Ball 2-0: Called Strike 2-1: Ball 3-1: Base on Balls
|
Batting: RHB Casey Semenza
|
0-0: Called Strike 0-1: Ball 1-1: Fly out, F9 (Flyball, 9D, EV 90.6 MPH)
|
Bottom of the 8th over - 0 runs, 1 hit, 0 errors, 2 left on base; Durham 3 - Round Rock 0 |
TOP OF THE 9TH |
Durham Bulls batting - Pitching for Round Rock Express : RHP Jeff Bliss
|
Now at 2B: Ivan Colon
|
|
Now at SS: Carlos Lopez
|
|
Batting: RHB Paul Landes
|
0-0: Ball 1-0: Foul Ball, location: 2F 1-1: Foul Ball, location: 2F 1-2: Ball 2-2: Strikes out swinging
|
Batting: RHB Kevin Benfield
|
0-0: SINGLE (Groundball, 34D, EV 100.6 MPH)
|
Batting: LHB Danny Hull
|
0-0: Ball 1-0: Ball 2-0: Called Strike 2-1: Called Strike 2-2: SINGLE (Groundball, 56D, EV 95.6 MPH) Kevin Benfield to second
|
Batting: LHB Brian Hollinger
|
0-0: Foul Ball, location: 2F 0-1: Foul Ball, location: 2F 0-2: Strikes out swinging
|
Batting: RHB Jesse Haddad
|
0-0: Ball 1-0: Swinging Strike 1-1: Ground out U3 (Groundball, 3, EV 99.4 MPH)
|
Top of the 9th over - 0 runs, 2 hits, 0 errors, 2 left on base; Durham 3 - Round Rock 0 |
BOTTOM OF THE 9TH |
Round Rock Express batting - Pitching for Durham Bulls : RHP Scott Shank
|
Pitching: RHP Nelson Dawson
|
|
Batting: LHB Josh Stuck
|
0-0: Ball 1-0: Ball 2-0: Foul Ball, location: 2F 2-1: Ball 3-1: Called Strike 3-2: Ground out 5-3 (Groundball, 6S, EV 70.0 MPH)
|
Pinch Hitting: SHB David Simpson
|
0-0: Swinging Strike 0-1: Ground out 3-1 (Groundball, 34, EV 81.9 MPH)
|
Batting: LHB Jeff Densmore
|
0-0: Ball 1-0: Called Strike 1-1: Ball 2-1: Called Strike 2-2: Ball 3-2: Ground out 6-3 (Groundball, 6, EV 98.1 MPH)
|
Bottom of the 9th over - 0 runs, 0 hits, 0 errors, 0 left on base; Durham 3 - Round Rock 0 |
|